Map: Dusty Gorge

Players

GREZ - Winner!

  • Race: Terran Terran
  • Spawn Location: 5:00

Calx - Winner!

  • Race: Protoss Protoss
  • Spawn Location: 3:00

MonstroTown

  • Race: Terran Terran
  • Spawn Location: 11:00

Michael

  • Race: Zerg Zerg
  • Spawn Location: 9:00

VOD

Have the link to the VOD?

Description

Time

  • Played on: Sept. 3, 2018, 5:20 p.m.
  • Length: 18:04
Show
View Real Time Build Order
Export as new Build Order

GREZ Terran - Winner!

Build Orders:  

Get SALT Encoding   

  12  0:01  SCV  
  13  0:14  SCV  
  14  0:18  Supply Depot  
  14  0:26  SCV  
  15  0:44  SCV, Barracks  
  15  0:49  Refinery  
  16  0:57  SCV  
  17  1:10  SCV  
  18  1:20  Refinery  
  18  1:32  Orbital Command  
  18  1:40  Bunker, Marine  
  19  1:49  Supply Depot  
  19  1:55  Factory  
  19  2:00  SCV  
  20  2:14  SCV  
  21  2:31  SCV  
  22  2:37  Marine  
  22  2:38  Bunker  
  22  2:42  Hellion  
  25  2:45  SCV  
  25  2:48  Command Center  
  26  2:58  Engineering Bay  
  26  2:59  Marine  
  27  3:18  SCV  
  28  3:21  Factory Tech Lab  
  28  3:26  Starport  
  28  3:31  SCV  
  29  3:38  Supply Depot  
  29  3:45  SCV  
  29  3:46  Marine  
  31  3:54  Barracks  
  31  3:59  Siege Tank  
  34  4:04  Starport  
  34  4:12  Orbital Command  
  34  4:26  Marine  
  35  4:45  SCV  
  36  4:48  SCV  
  37  4:52  Refinery  
  37  4:53  Factory Tech Lab  
  37  4:55  Marine  
  38  5:01  SCV x2  
  38  5:06  Fusion Core  
  40  5:11  Starport  
  40  5:14  Armory  
  40  5:15  SCV x2  
  42  5:22  Refinery  
  42  5:27  SCV x2  
  44  5:29  Factory Tech Lab  
  44  5:34  Supply Depot  
  44  5:35  Supply Depot  
  44  5:36  Supply Depot  
  44  5:39  Missile Turret  
  44  5:55  Battlecruiser  
  44  5:56  Starport Tech Lab, Battlecruiser  
  56  5:58  Weapon Refit  
  56  6:08  Siege Tank  
  59  6:31  Battlecruiser  
  62  6:37  SCV x2  
  64  6:59  Viking  
  63  7:03  Battlecruiser  
  69  7:14  Starport  
  67  7:18  SCV x2  
  69  7:25  Starport  
  69  7:37  Battlecruiser  
  75  7:44  Battlecruiser  
  81  7:53  Command Center  
  81  7:55  Missile Turret  
  81  7:56  Sensor Tower  
  81  7:57  Siege Tank, Starport Tech Lab  
  84  8:24  Battlecruiser  
  90  8:27  Terran Ship Weapons Level 1  
  90  8:29  Siege Tank  
  90  8:30  Supply Depot  
  90  8:31  SCV  
  90  8:32  Supply Depot  
  94  8:52  SCV, Battlecruiser  
  101  9:01  Siege Tank  
  97  9:33  Siege Tank  
  86  9:41  Battlecruiser x2  
  80  10:01  Battlecruiser  
  80  10:04  Starport Tech Lab  
  86  10:11  SCV x2  
  79  11:04  SCV x2  
  79  11:06  Planetary Fortress  
  79  11:09  Battlecruiser  
  87  11:16  SCV  
  82  11:49  Battlecruiser x2  
  71  15:22  Battlecruiser  
  77  15:29  Supply Depot  
  77  15:30  Supply Depot  
  77  15:31  Supply Depot  
  77  15:34  Command Center  
  77  15:52  Battlecruiser  
  83  16:12  Command Center  
Show
View Real Time Build Order
Export as new Build Order

Calx Protoss - Winner!

Build Orders: Forge Fast Expand (FFE) 

Get SALT Encoding   

  12  0:01  Probe  
  13  0:13  Probe  
  14  0:24  Pylon  
  14  0:25  Probe  
  15  0:41  Probe  
  16  0:48  Forge  
  16  0:49  Probe  
  17  0:58  Probe  
  18  1:09  Probe  
  19  1:22  Probe  
  19  1:24  Nexus  
  20  1:34  Probe  
  21  1:40  Assimilator  
  21  1:44  Gateway  
  21  1:48  Probe  
  21  1:53  Assimilator  
  22  2:00  Probe  
  23  2:03  Photon Cannon  
  23  2:10  Pylon  
  23  2:25  Probe  
  23  2:31  Pylon  
  23  2:36  Probe  
  23  2:39  Probe, Cybernetics Core  
  25  2:45  Probe  
  25  2:47  Probe  
  27  2:56  Probe  
  28  2:58  Photon Cannon  
  28  3:12  Photon Cannon  
  28  3:13  Probe x2  
  28  3:16  Warp Gate  
  28  3:18  Stalker  
  30  3:21  Probe  
  30  3:23  Probe  
  33  3:29  Probe  
  35  3:39  Pylon  
  35  3:43  Probe  
  35  3:44  Probe  
  37  3:55  Probe, Stalker  
  37  3:56  Probe  
  37  4:02  Robotics Facility  
  41  4:05  Pylon  
  41  4:07  Probe  
  41  4:08  Probe  
  43  4:17  Pylon  
  43  4:20  Probe  
  43  4:22  Probe  
  45  4:25  Assimilator x2  
  45  4:26  Stalker  
  47  4:35  Pylon  
  47  4:38  Probe x2  
  49  4:39  Gateway  
  49  4:46  Photon Cannon  
  49  4:49  Photon Cannon  
  49  4:50  Probe  
  50  4:53  Probe, Pylon  
  51  5:02  Probe  
  52  5:12  Observer  
  52  5:15  Photon Cannon  
  53  5:29  Observer  
  54  5:45  Photon Cannon  
  54  5:47  Sentry  
  56  5:59  Forge  
  56  6:03  Sentry  
  58  6:07  Pylon  
  56  6:24  Gateway  
  56  6:33  Photon Cannon  
  56  6:35  Photon Cannon  
  56  6:39  Photon Cannon  
  55  6:42  Probe x2  
  57  6:52  Photon Cannon  
  55  6:59  Photon Cannon  
  53  7:09  Photon Cannon  
  53  7:12  Pylon  
  49  7:15  Pylon  
  49  7:21  Photon Cannon  
  49  7:22  Pylon  
  49  7:25  Photon Cannon  
  49  7:27  Cybernetics Core, Pylon  
  49  7:28  Observer  
  50  7:40  Pylon  
  50  7:41  Pylon  
  50  7:49  Observer  
  50  7:54  Probe x2  
  53  8:04  Warp Prism  
  53  8:12  Photon Cannon  
  55  8:13  Photon Cannon  
  55  8:16  Nexus, Photon Cannon  
  55  8:24  Robotics Bay  
  55  8:32  Probe x2  
  57  8:44  Probe x2  
  59  8:53  Robotics Facility  
  59  8:54  Robotics Facility  
  59  8:56  Probe x2  
  59  8:59  Photon Cannon  
  60  9:08  Probe x2  
  56  9:20  Photon Cannon x2  
  56  9:21  Photon Cannon  
  56  9:22  Pylon  
  54  9:34  Photon Cannon  
  54  9:36  Photon Cannon  
  54  9:42  Pylon  
  54  9:49  Photon Cannon  
  54  9:50  Photon Cannon  
  54  9:52  Pylon  
  54  10:01  Colossus  
  54  10:05  Probe x2  
  56  10:09  Disruptor x2  
  56  10:12  Nexus  
  56  10:14  Extended Thermal Lance  
  68  10:23  Photon Cannon  
  68  10:24  Photon Cannon  
  68  10:28  Pylon  
  68  10:33  Probe  
  68  10:34  Probe  
  70  10:45  Probe, Pylon  
  70  10:48  Probe  
  70  10:49  Colossus x2  
  72  10:51  Protoss Ground Weapons Level 1  
  72  10:53  Probe  
  84  10:57  Disruptor  
  84  11:00  Probe  
  84  11:02  Probe  
  90  11:12  Probe  
  90  11:14  Pylon  
  91  11:19  Pylon  
  91  11:20  Probe  
  91  11:21  Photon Cannon  
  91  11:24  Probe  
  93  11:25  Colossus  
  93  11:32  Probe  
  94  11:37  Probe x2  
  99  11:41  Colossus  
  99  11:45  Probe  
  106  11:49  Probe  
  106  11:50  Colossus  
  89  12:24  Immortal  
  89  12:26  Colossus  
  87  13:02  Twilight Council  
  87  13:05  Assimilator  
  87  13:06  Assimilator  
  87  13:08  Pylon  
  87  13:15  Colossus  
  87  13:21  Colossus  
  87  13:26  Colossus  
  92  14:09  Stalker  
  94  14:13  Gateway  
  94  14:16  Immortal, Gateway  
  92  14:30  Immortal  
  96  14:32  Immortal  
  100  14:56  Stalker  
  100  15:34  Immortal  
  103  16:45  Observer x2  
  105  16:48  Nexus  
  105  17:27  Disruptor  
Show
View Real Time Build Order
Export as new Build Order

MonstroTown Terran 

Build Orders: Reaper Expand, MMM Bio 

Get SALT Encoding   

  12  0:01  SCV  
  13  0:13  SCV  
  14  0:18  Supply Depot  
  14  0:25  SCV  
  15  0:40  SCV  
  15  0:41  Barracks  
  16  0:47  Refinery  
  16  0:52  SCV  
  17  1:04  SCV  
  18  1:16  SCV  
  19  1:33  Command Center  
  19  1:47  Orbital Command  
  19  1:56  Barracks  
  19  2:00  Reaper  
  20  2:14  SCV  
  21  2:20  Refinery  
  21  2:26  SCV  
  22  2:30  Supply Depot  
  22  2:41  SCV  
  23  2:48  Orbital Command  
  23  2:51  Barracks Tech Lab, Factory  
  23  3:05  SCV  
  23  3:15  SCV  
  23  3:17  SCV  
  23  3:18  Stimpack  
  26  3:21  Barracks Tech Lab  
  25  3:27  SCV  
  25  3:28  Barracks Reactor  
  25  3:32  SCV  
  27  3:38  Refinery  
  27  3:39  SCV  
  28  3:41  Engineering Bay  
  28  3:42  Factory Tech Lab  
  28  3:43  Engineering Bay  
  28  3:44  SCV  
  28  3:47  Marine  
  30  3:51  SCV  
  31  3:56  SCV  
  32  4:03  SCV  
  32  4:06  Marine x2  
  32  4:09  Terran Infantry Weapons Level 1  
  35  4:10  Terran Infantry Armor Level 1  
  35  4:13  Missile Turret  
  35  4:17  Marine  
  35  4:22  Siege Tank  
  35  4:23  Marine  
  40  4:24  Marine  
  41  4:33  SCV  
  41  4:37  Supply Depot  
  42  4:40  Supply Depot  
  42  4:42  Refinery, Marine x2  
  42  4:43  Marauder  
  46  4:57  Starport  
  46  4:59  Marine  
  46  5:02  Siege Tank  
  46  5:06  Marine  
  51  5:08  Marauder  
  51  5:11  SCV x2  
  55  5:17  Supply Depot  
  55  5:20  Marine  
  56  5:31  Marine  
  56  5:32  Marine  
  56  6:03  Siege Tank, Medivac  
  60  6:15  Marine x3  
  56  6:26  Barracks  
  56  6:27  Barracks  
  56  6:28  Barracks  
  53  6:32  Barracks  
  53  6:33  Marine x2, Medivac  
  55  6:58  Marine x2  
  55  6:59  Marine  
  55  7:00  Siege Tank  
  59  7:13  Starport Reactor  
  56  7:16  Marine x2, Barracks Reactor  
  56  7:17  Marauder, Barracks Reactor x2  
  60  7:23  Armory  
  57  7:34  Marine  
  57  7:35  Marine  
  57  7:36  Barracks Reactor  
  50  7:43  SCV x2  
  52  7:51  Marine  
  52  7:52  Combat Shield  
  52  7:55  SCV x2  
  55  8:02  Marine x4  
  55  8:03  Marine x4  
  63  8:09  Missile Turret, Marine  
  63  8:12  Command Center  
  64  8:13  Marine x2  
  64  8:15  Viking  
  64  8:16  Viking  
  68  8:20  Marine  
  68  8:24  Marine  
  70  8:32  Supply Depot  
  70  8:37  Supply Depot  
  70  8:46  Marine x6  
  70  8:48  Viking  
  75  9:34  Marine  
  75  9:35  Marine x5  
  75  9:36  Terran Infantry Armor Level 2, Terran Infantry Weapons Level 2, Marine  
  79  10:02  Marine x2  
  79  10:03  Marine x2  
  81  10:13  SCV x2  
  81  10:15  Orbital Command  
  81  10:21  Refinery  
  81  10:23  Refinery  
  81  10:25  SCV x2  
  83  10:29  Starport Reactor  
  83  10:38  Marine  
  83  10:39  Marine x5  
  73  11:48  SCV x3  
  75  12:00  SCV x2  
  77  12:01  Marine  
  77  12:02  Marine x6  
  79  12:10  Marine x2  
  79  12:11  Marine x2  
  80  12:19  Marine x3  
  80  12:20  Marine x4  
  87  12:27  Barracks  
  87  12:28  Marine  
  88  12:30  Barracks x2  
  88  12:34  Barracks  
  88  12:36  Marine x3  
  91  12:37  Barracks  
  91  12:41  Marine  
  91  12:42  Marine x3  
  95  13:06  Marine x2  
  95  13:07  Marine x4  
  95  13:08  Marine x4  
  95  13:11  Starport Reactor  
  105  13:16  Terran Infantry Armor Level 3, Supply Depot x2, Terran Infantry Weapons Level 3  
  105  13:17  Supply Depot  
  105  13:21  Command Center  
  104  13:36  Thor  
  87  13:42  Marine x4  
  87  13:43  Marine x2  
  87  13:44  Marine x4  
  95  13:49  Viking x2  
  91  13:57  Marine  
  89  14:10  Marine  
  89  14:11  Barracks Reactor x4  
  74  14:24  Marine  
  75  14:33  Planetary Fortress  
  71  14:48  Marine  
  71  14:49  Marine x5  
  71  14:50  Marine x3  
  78  14:54  Orbital Command  
  70  15:02  Viking x2  
  70  15:03  Marine x5  
  70  15:04  Marine x4  
  80  15:12  Marine x4  
  84  15:30  Marine x2  
  84  15:31  Marine x4  
  84  15:35  Viking  
  88  16:02  Supply Depot  
  88  16:05  Supply Depot  
  88  16:23  Marine x6  
  94  16:43  Marine x6  
  94  16:44  Marine  
  101  17:07  Marine x2  
  101  17:08  Marine  
  103  17:29  Marine x3  
Show
View Real Time Build Order
Export as new Build Order

Michael Zerg 

Build Orders: Hatch First 

Get SALT Encoding   

  12  0:01  Drone  
  13  0:12  Overlord  
  13  0:18  Drone  
  14  0:31  Drone x2  
  14  0:35  Drone  
  17  0:45  Drone  
  18  1:00  Hatchery  
  18  1:01  Drone  
  18  1:08  Extractor  
  17  1:16  Spawning Pool  
  16  1:20  Drone  
  16  1:24  Drone  
  18  1:28  Drone  
  19  1:39  Drone  
  20  1:49  Overlord  
  20  2:03  Queen  
  22  2:09  Metabolic Boost  
  22  2:11  Queen  
  22  2:13  Zergling x2  
  22  2:15  Zergling x2  
  26  2:19  Zergling x2  
  27  2:25  Drone  
  27  2:26  Drone  
  29  2:32  Drone  
  29  2:34  Drone  
  31  2:43  Overlord  
  31  2:53  Roach Warren  
  31  2:54  Drone  
  31  2:56  Drone  
  32  2:58  Drone  
  33  3:12  Drone x2  
  35  3:21  Drone x5  
  35  3:22  Drone  
  35  3:24  Drone  
  42  3:31  Lair  
  42  3:38  Queen  
  44  3:43  Overlord  
  44  3:46  Overlord  
  44  3:56  Overlord  
  44  4:03  Hatchery  
  43  4:11  Roach  
  43  4:12  Roach  
  43  4:13  Queen  
  43  4:14  Roach  
  51  4:17  Roach  
  51  4:20  Roach  
  55  4:33  Glial Reconstitution  
  55  4:41  Spore Crawler  
  55  4:45  Spore Crawler  
  53  4:46  Spore Crawler, Drone x2  
  53  4:47  Spore Crawler, Drone x4  
  53  4:49  Extractor  
  53  4:51  Extractor  
  55  4:55  Hydralisk Den  
  55  4:56  Drone  
  55  4:57  Extractor  
  54  5:01  Drone x2  
  54  5:02  Drone  
  54  5:04  Drone  
  54  5:06  Drone  
  59  5:10  Overlord  
  59  5:14  Overlord  
  59  5:19  Drone  
  59  5:21  Drone, Evolution Chamber  
  60  5:22  Drone  
  60  5:24  Drone  
  60  5:26  Drone  
  63  5:31  Queen  
  60  6:00  Roach x9  
  74  6:08  Drone x2  
  72  6:21  Muscular Augments  
  72  6:27  Zerg Ground Armor Level 1  
  72  6:33  Drone  
  72  6:34  Drone x2  
  72  6:35  Drone  
  76  6:44  Hydralisk x2  
  74  7:01  Hydralisk x2  
  74  7:02  Hydralisk x2  
  74  7:06  Overlord x4  
  82  7:17  Overlord x2  
  76  7:28  Hydralisk  
  76  7:29  Hydralisk x5  
  88  7:34  Hydralisk  
  90  7:39  Hydralisk  
  90  7:43  Drone x3  
  95  7:45  Extractor  
  95  7:46  Extractor  
  95  7:47  Queen  
  95  8:04  Hydralisk, Grooved Spines  
  97  8:18  Infestation Pit  
  96  8:20  Hydralisk x12  
  96  8:21  Zerg Missile Weapons Level 1  
  120  8:30  Hydralisk  
  120  8:31  Hydralisk  
  120  8:33  Hydralisk  
  126  8:43  Hydralisk x2  
  126  8:46  Overlord x3  
  126  8:47  Overlord x4  
  122  9:13  Hydralisk x6  
  110  9:39  Hydralisk x6  
  108  9:49  Hydralisk x2  
  108  9:52  Zergling x12  
  108  9:56  Zergling x2  
  108  9:58  Ravager  
  95  10:24  Hydralisk  
  95  10:25  Hydralisk x5  
  104  10:32  Hydralisk x2  
  93  10:41  Hydralisk x2  
  90  10:46  Zergling x14  
  94  10:57  Drone  
  95  11:18  Hydralisk x9  
  95  11:21  Zergling x14  
  95  11:23  Hydralisk x2  
  122  11:34  Hydralisk x3  
  112  11:46  Hydralisk x3  
  110  11:58  Hydralisk x4  
  110  12:00  Zergling x4  
  110  12:01  Zergling x2  
  114  12:11  Hydralisk  
  111  12:20  Hydralisk x2  
  72  12:51  Hydralisk  
  72  12:52  Hydralisk x5  
  56  13:15  Hydralisk x4  
  60  13:28  Spawning Pool  
  59  13:42  Hatchery  
  59  13:43  Hydralisk  
  59  13:44  Hydralisk x3  
  66  13:57  Drone x2  
  68  14:04  Hydralisk  
  70  14:14  Hydralisk  
  70  14:16  Zergling x2  
  61  14:25  Drone x2  
  63  14:40  Drone x2  
  65  14:51  Hydralisk  
  63  15:11  Lair  
  63  15:14  Hydralisk x2  
  63  15:16  Hydralisk x4  
  63  15:19  Hydralisk  
  77  15:27  Zergling x6  
  80  15:29  Zergling x2  
  80  15:30  Zergling x2  
  80  15:35  Hydralisk  
  84  15:41  Hydralisk  
  86  15:45  Zergling x4  
  86  15:46  Zergling x2  
  86  15:49  Zergling x2  
  90  15:52  Hydralisk  
  92  16:02  Hydralisk x4  
  100  16:15  Hydralisk x3  
  106  16:20  Hydralisk x3  
  112  16:31  Hydralisk  
  112  16:32  Hydralisk x4  
  122  16:41  Hydralisk x2  
  122  16:45  Hydralisk  
  128  16:50  Hydralisk  
  130  16:55  Hydralisk  
  132  17:04  Hydralisk x2  
  132  17:08  Zergling x4  
  138  17:18  Hydralisk  
  138  17:19  Hydralisk  
Tags
 
Add a new tag
Caveats
  • Supply blocks, unpowered buildings, or Contaminate may cause inaccurate times.
  • Supply counts are checked every 10 seconds.